 Dungeon Crawl Stone Soup version 0.20-a0-910-gb611367 (webtiles) character file.

360005 Gorice the Acrobat (level 23, -3/147 HPs)
             Began as a Kobold Enchanter on Mar 12, 2017.
             Was the Champion of Wu Jian.
             Shot with a bolt by a yaktaur captain (4 damage)
             ... on level 4 of the Vaults on Mar 23, 2017.
             The game lasted 08:58:28 (73673 turns).

Gorice the Acrobat (Kobold Enchanter)              Turns: 73673, Time: 08:58:29

Health: -3/147     AC: 30    Str: 13    XL:     23   Next: 46%
Magic:  23/37      EV: 29    Int: 21    God:    Wu Jian [******]
Gold:   1288       SH:  0    Dex: 16    Spells: 16/43 levels left

rFire    . . .     SeeInvis .   c - +9 sword of Zonguldrok {reap}
rCold    . . .     Gourm    .   T - +2 ring mail {MR+}
rNeg     + + .     Faith    +   (shield currently unavailable)
rPois    .         Spirit   .   L - +0 hat {Int+3}
rElec    +         Reflect  .   n - +2 cloak {+Inv}
rCorr    .         Harm     .   e - +2 pair of gloves
MR       +++..                  N - +2 pair of boots of Impatience {rN++}
Stlth    +++.......             S - amulet of faith {!P}
Regen    0.4/turn               m - ring of Ylozit {rElec MR+ AC+5}
MPRegen  0.3/turn               p - +5 ring of protection

@: no status effects
A: carnivore 3
}: 2/15 runes: decaying, serpentine
a: Serpent's Lash, Heaven On Earth, Renounce Religion, Evoke Invisibility


You were on level 4 of the Vaults.
You worshipped Wu Jian.
Wu Jian was exalted by your worship.
You were completely stuffed.

You visited 7 branches of the dungeon, and saw 36 of its levels.
You visited the Abyss 1 time.
You also visited: Sewer, Ice Cave and Wizlab.

You collected 4098 gold pieces.
You spent 2810 gold pieces at shops.

Inventory:

Hand Weapons
 a - a +2 dagger of electrocution
 b - the +2 rapier of Evil {freeze, -Tele Int+9 SInv Stlth+}
   (You took it off a spriggan on level 4 of the Swamp)

   It has been specially enchanted to freeze those struck by it, causing extra
   injury to most foes and up to half again as much damage against particularly
   susceptible opponents.
   It can also slow down cold-blooded creatures.
   It affects your intelligence (+9).
   It lets you see invisible.
   It prevents most forms of teleportation.
   It makes you more stealthy.
 c - the +9 sword of Zonguldrok (weapon) {reap}
   (You took it off a vampire in a wizard's laboratory)

   If a monster killed with it leaves a corpse in good enough shape, the corpse
   will be animated as a zombie friendly to the killer.
 y - a +5 scimitar of freezing
   (You bought it in a shop on level 6 of the Dungeon)
Missiles
 E - 39 tomahawks (quivered)
Armour
 e - a +2 pair of gloves (worn)
 n - a +2 cloak of invisibility (worn)
   (You acquired it on level 10 of the Dungeon)
 L - a +0 hat of intelligence (worn)
   (You took it off Gastronok on level 9 of the Dungeon)
 N - the +2 pair of boots of Impatience (worn) {rN++}
   (You found it on level 4 of the Snake Pit)

   It greatly protects you from negative energy.
 T - a +2 ring mail of magic resistance (worn)
   (You found it on level 13 of the Dungeon)
Jewellery
 i - an uncursed ring of see invisible
 m - the ring of Ylozit (right hand) {rElec MR+ AC+5}
   (You bought it in a shop on level 7 of the Dungeon)

   [ring of protection]

   It affects your AC (+5).
   It insulates you from electricity.
   It affects your resistance to hostile enchantments.
 p - a +5 ring of protection (left hand)
 C - an uncursed ring of protection from cold
 F - an uncursed ring of protection from fire
 R - the ring "Radoeshi" {rPois MR+ Int+2}
   (You bought it in a shop on level 7 of the Dungeon)

   [ring of intelligence]

   It affects your intelligence (+2).
   It protects you from poison.
   It affects your resistance to hostile enchantments.
 S - an amulet of faith (around neck) {!P}
Wands
 f - a wand of lightning (7/15)
 s - a wand of digging (14/24)
 t - a wand of clouds (5/9)
 D - a wand of acid (7/15)
 O - a wand of disintegration (14/24)
 Q - a wand of lightning (7/15)
 W - a wand of paralysis (14/24)
Scrolls
 h - 6 scrolls of blinking
 j - 5 scrolls of identify
 r - 3 scrolls of magic mapping {!r}
 z - 6 scrolls of teleportation {!r}
 A - 15 scrolls of remove curse
 I - a scroll of recharging
 M - 6 scrolls of fear {!r}
 V - a scroll of amnesia
Potions
 d - 12 potions of curing
 g - 5 potions of might {!q}
 k - 2 potions of mutation {!q}
 l - 3 potions of magic {!q}
 q - 3 potions of cancellation {!q}
 u - 2 potions of heal wounds {!q}
 v - a potion of brilliance {!q}
 w - 2 potions of agility {!q}
 x - 4 potions of resistance {!q}
 H - 2 potions of flight
 K - 3 potions of haste {!q}
Books
 J - a book of Misfortune
 U - a book of Beasts
Miscellaneous
 B - a fan of gales
 G - a box of beasts
Comestibles
 o - 22 royal jellies
 P - 9 chunks of flesh


   Skills:
 + Level 16.2 Fighting
 - Level 8.0(15.4) Short Blades
 - Level 14.0(14.3) Long Blades
 - Level 10.0 Throwing
 - Level 12.0 Armour
 - Level 21.0 Dodging
 - Level 8.0 Stealth
 + Level 10.9 Spellcasting
 - Level 10.0 Hexes
 + Level 8.8 Summonings
 - Level 7.0 Translocations
 - Level 4.0 Ice Magic
 - Level 12.0 Evocations


You had 16 spell levels left.
You knew the following spells:

 Your Spells              Type           Power        Failure   Level  Hunger
a - Corona                Hex            ######.      1%          1    None
b - Ensorcelled Hibernat  Hex/Ice        #####.       1%          2    None
c - Confuse               Hex            ######..     1%          3    None
d - Tukima's Dance        Hex            ######..     1%          3    None
e - Dazzling Spray        Conj/Hex       ####..       4%          3    None
f - Lesser Beckoning      Tloc           #####.....   1%          3    None
g - Cause Fear            Hex            ######....   1%          4    #......
h - Summon Ice Beast      Ice/Summ       #####...     10%         4    #......
A - Apportation           Tloc           #####.       1%          1    None
B - Summon Butterflies    Summ           #####...     1%          1    None
J - Blink                 Tloc           N/A          1%          2    None


Dungeon Overview and Level Annotations

Branches:
Dungeon (15/15)            Temple (1/1) D:5            Lair (6/6) D:11
  Swamp (4/4) Lair:2        Snake (4/4) Lair:4        Slime (0/5) Lair:6
    Orc (2/2) D:11            Elf (0/3) Orc:2        Vaults (4/5) D:14
  Crypt (0/3) Vaults:2     Depths (0/5) D:15

Altars:
Ashenzari
Cheibriados
Dithmenos
Elyvilon
Fedhas
Gozag
Hepliaklqana
Kikubaaqudgha
Makhleb
Nemelex Xobeh
Okawaru
Qazlal
Ru
Sif Muna
Trog
Uskayaw
Vehumet
Wu Jian
Xom
Yredelemnul
Zin
The Shining One
Lugonu

Shops:
D:6 (*[*?   D:7 =   D:15 }   Orc:2 [:[[   Snake:1 [(%}?   Snake:2 ?(*==}:!
Snake:3 ?[:   Vaults:2 *

Annotations:
Lair:4 vpUX: oklob w loot behing plants, exclusion: oklob plant
Lair:6 exclusion: 4 oklob plants
Swamp:4 pUX
Snake:2 Vashnia


Innate Abilities, Weirdness & Mutations

You are small and have problems with some larger weapons.
You are carnivorous and can eat meat at any time.


Message History

Damage: 26 (max 36) Unknown command.
Unknown command.
The runic seals fade away.
The yaktaur captain wields an uncursed arbalest of freezing.
It is covered in frost.
The yaktaur captain shoots a bolt.
The bolt hits you but does no damage.
The deep elf mage casts a spell.
The deep elf mage blinks!
Unknown command.
Really quaff
u - 3 potions of heal wounds {!q}?
You feel much better. The vault warden misses you.
Unknown command.
Casting: Ensorcelled Hibernation
Confirm with . or Enter, or press ? or * to list all spells.
You don't know that spell.
Casting: Ensorcelled Hibernation
Confirm with . or Enter, or press ? or * to list all spells.
The orc warrior looks frightened!
The yaktaur looks frightened!
The vault warden resists with some effort.
The yaktaur captain easily resists.
The deep elf mage looks frightened!
The deep elf mage gestures wildly while chanting.
The deep elf mage blinks!
The vault warden completely misses you.
Unknown command.
Unknown command.
You spin and attack the deep elf mage.
You hit the deep elf mage.
Your attack snaps the deep elf mage out of its fear.
The deep elf mage is lightly wounded.
The yaktaur captain shoots a bolt.
The bolt misses you. The deep elf mage misses you.
You riposte.
You slice the deep elf mage!!
The deep elf mage is almost dead.
Unknown command.
Cornered, the yaktaur turns to fight!
Unknown command.
The vault warden activates a sealing rune.
A door slams shut!
The yaktaur captain shoots a bolt.
The bolt completely misses you.
Unknown command.
The deep elf mage mumbles some strange words.
The deep elf mage blinks!
The yaktaur captain shoots a bolt.
The bolt completely misses you.
The vault warden activates a sealing rune.
The deep elf mage casts a spell at you. The stone arrow misses you.
You spin and attack the deep elf mage.
You barely miss the deep elf mage.
The deep elf mage is almost dead.
The yaktaur captain shoots a bolt.
The bolt hits you!!
* * * LOW HITPOINT WARNING * * *
The bolt freezes you.
You die...

#.....##......# #...#
+.....##......# ##.o.##
#.....##.)....# #.o.).#
#.....#####+########{#######
#..(..........(...T()(o.)...
#.......).........)....ยง)...
#..............p..(....)....
#.........)e.....c..........
#..((....()@.....(..........
##+#+##+##############++####
#...........# #......^....#
#....##.....# #...####....#
#..## ##...######## #.##
##..#......# ### ##..#......+


You could see a vault warden, a yaktaur captain, a deep troll and a deep elf
mage.

Vanquished Creatures
  An ancient lich (WizLab)
  Boris (Vaults:3)
  Frederick (Vaults:2)
  Rupert (Lair:3)
  Frances (Swamp:2)
  An ancient champion (WizLab)
  2 sphinxes
  2 tengu reavers
  Kirke (Lair:5)
  Agnes (Snake:1)
  6 thorn hunters
  A storm dragon (D:13)
  An azure jelly (Swamp:4)
  Gastronok (D:9)
  A fire giant (Vaults:3)
  21 nagarajas
  2 frost giants
  Aizul (Snake:1)
  7 vault wardens
  11 ironheart preservers
  4 stone giants
  An entropy weaver (Vaults:3)
  Azrael (Snake:1)
  A deep elf annihilator (Vaults:3)
  Snorg (D:11)
  An ettin (Orc:2)
  A crystal guardian (Vaults:2)
  The ghost of Jano the Spear-Bearer, a journeyman FoFi of Wu Jian (Orc:1)
  A deep elf death mage (Vaults:3)
  11 ogre magi
  3 fire dragons
  Erolcha (D:9)
  A great orb of eyes (Vaults:1)
  A hydra (shapeshifter) (Vaults:2)
  Fannar (D:10)
  6 yaktaur captains
  6 vault guards
  A rakshasa (Vaults:3)
  22 hydras
  2 ghost crabs
  3 catoblepae (Lair:6)
  6 ice dragons
  27 naga warriors
  Erica (D:10)
  28 two-headed ogres
  A death knight (D:15)
  9 centaur warriors
  A deep troll shaman (Vaults:4)
  7 anacondas
  A tengu warrior (D:14)
  8 death yaks (Lair:6)
  7 alligators
  2 deep troll earth magi
  19 naga sharpshooters
  4 orc high priests (Orc:2)
  7 shock serpents
  7 deep elf knights
  Nergalle (D:10)
  10 naga ritualists
  A salamander mystic (Snake:4)
  10 skeletal warriors (WizLab)
  3 unseen horrors
  An unseen horror (shapeshifter) (D:14)
  3 deep elf archers (Vaults:2)
  2 glowing orange brains
  2 wizards
  2 spriggan druids (Swamp:4)
  4 deep trolls
  6 swamp dragons
  A lindwurm (Lair:6)
  2 shambling mangroves (Swamp:4)
  7 ironbrand convokers
  Pikel (D:9)
  26 orc knights
  7 harpies
  6 mana vipers
  72 ugly things
  13 orc sorcerers
  14 deep elf magi
  3 manticores
  11 salamanders
  3 cyclopes
  Maurice (D:12)
  10 elephants
  Psyche (D:10)
  Joseph (D:7)
  38 black mambas
  6 guardian serpents
  9 vault sentinels
  4 centaur zombies
  25 naga magi
  12 spiny frogs
  4 kobold demonologists
  3 rime drakes
  26 yaktaurs
  6 freezing wraiths
  The ghost of ciel the Sneak, a novice OpEE of Nemelex Xobeh (D:5)
  6 komodo dragons
  11 trolls
  A tengu conjurer (D:15)
  3 meliai (D:15)
  A meliai (shapeshifter) (Vaults:1)
  30 blink frogs
  14 hornets
  11 tyrant leeches
  6 bog bodies
  9 hippogriffs
  A meliai zombie (D:14)
  51 slime creatures
  4 dream sheep (Lair:6)
  2 spriggans (shapeshifter)
  A centaur simulacrum (D:14)
  A frost giant simulacrum (Vaults:2)
  3 wraiths
  2 redbacks
  5 spriggans
  3 wyverns
  3 shadows
  4 fire elementals (Lair:4)
  4 basilisks
  7 vampires
  78 yaks
  Grum (D:10)
  2 hogs (shapeshifter)
  2 hogs (Lair:5)
  3 hungry ghosts
  5 swamp worm simulacra (Swamp:4)
  24 vampire mosquitoes
  23 swamp worms
  86 nagas
  24 insubstantial wisps
  5 two-headed ogre zombies (WizLab)
  12 hydra simulacra (Swamp:4)
  4 acid dragons
  9 water moccasins
  5 wargs
  A soldier ant (D:11)
  Duvessa (D:5)
  7 porcupines
  2 hell hounds
  A floating eye (shapeshifter) (D:13)
  52 orc warriors
  14 swamp drakes
  A sky beast (D:5)
  9 ice beasts
  A black bear (shapeshifter) (D:14)
  An eye of draining (D:10)
  23 ogres
  A phantom (D:6)
  9 wolves
  35 centaurs
  14 crocodiles
  7 big kobolds
  19 bullfrogs
  Dowan (D:5)
  A wyvern zombie (D:11)
  A water moccasin zombie (D:8)
  A hornet simulacrum (D:14)
  5 scorpions
  5 troll zombies (WizLab)
  5 killer bees (D:9)
  4 howler monkeys
  22 wights
  5 electric eels
  10 crimson imps
  3 human simulacra
  4 bullfrog zombies
  A lava snake (Lair:3)
  4 quasits
  5 jellies
  Crazy Yiuf (D:4)
  15 orc priests
  8 hounds
  2 bullfrog skeletons
  8 centaur skeletons
  7 iguanas
  30 orc wizards
  9 worker ants
  2 ogre zombies (WizLab)
  4 hound skeletons
  A mummy (D:7)
  A worker ant zombie (D:9)
  4 gnolls (D:5)
  A river rat (Sewer)
  17 adders
  2 shadow imps
  9 oozes
  3 swamp drake simulacra (Swamp:4)
  6 worms
  3 dart slugs
  4 leopard geckos
  105 orcs
  8 bats
  10 giant cockroaches
  5 hobgoblins
  17 jackals
  5 quokkas
  A ball python (D:5)
  3 frilled lizards
  5 goblins
  A jackal skeleton (D:5)
  25 kobolds
  A quokka skeleton (D:9)
  4 rats
  2 butterflies (Lair:4)
  2 fungi
1699 creatures vanquished.

Vanquished Creatures (collateral kills)
  A deep elf mage (Vaults:3)
  3 orcs
4 creatures vanquished.

Vanquished Creatures (others)
  A black mamba (Snake:2)
  A dancing weapon (D:11)
  2 spriggans
  2 humans (Lair:5)
  2 nagas (Snake:4)
  2 swamp worms (Swamp:4)
  A slave (D:9)
  2 ogres
  2 orcs
  4 briar patches
  2 bushes (Lair:6)
  17 fungi
  22 plants
60 creatures vanquished.

Grand Total: 1763 creatures vanquished

Notes
Turn   | Place    | Note
-------+----------+-------------------------------------------
     0 | D:1      | Gorice the Kobold Enchanter began the quest for the Orb.
     0 | D:1      | Reached XP level 1. HP: 10/10 MP: 3/3
   179 | D:1      | Reached skill level 1 in Fighting
   251 | D:1      | HP: 3/12 [bat (1)]
   258 | D:1      | HP: 2/12 [bat (1)]
   528 | D:1      | Reached XP level 2. HP: 17/17 MP: 3/5
   726 | D:1      | Reached skill level 2 in Fighting
   813 | D:1      | Found a shattered altar of Ashenzari.
   897 | D:1      | Learned a level 2 spell: Ensorcelled Hibernation
  1351 | D:1      | Reached XP level 3. HP: 19/22 MP: 4/6
  1521 | D:2      | Reached skill level 3 in Fighting
  1566 | D:2      | Learned a level 3 spell: Confuse
  1814 | D:2      | HP: 6/23 [quokka (5)]
  1828 | D:2      | HP: 6/23 [quokka (1)]
  1925 | D:2      | HP: 4/23 [jackal (3)]
  2311 | D:2      | Found a burning altar of Makhleb.
  2348 | D:2      | Found an ornate altar of the Wu Jian Council.
  2574 | D:2      | Reached XP level 4. HP: 28/28 MP: 7/7
  2823 | D:3      | Reached skill level 2 in Short Blades
  3549 | D:3      | Reached XP level 5. HP: 32/32 MP: 3/8
  3625 | D:3      | Reached skill level 4 in Hexes
  3871 | D:4      | Found an opulent altar of Gozag.
  4019 | D:4      | Reached skill level 3 in Short Blades
  4076 | D:4      | Found a glowing drain.
  4080 | Sewer    | Entered a sewer
  4403 | Sewer    | Noticed a big kobold
  4447 | Sewer    | Killed a big kobold
  4447 | Sewer    | Reached skill level 5 in Hexes
  4447 | Sewer    | Reached XP level 6. HP: 26/37 MP: 6/9
  4586 | Sewer    | Found a white marble altar of Elyvilon.
  4847 | D:4      | Reached skill level 4 in Short Blades
  4928 | D:4      | Found a sparkling altar of Nemelex Xobeh.
  4982 | D:4      | Found a runed door.
  5163 | D:4      | Reached XP level 7. HP: 41/41 MP: 5/10
  6202 | D:2      | Became a worshipper of the Wu Jian Council
  6277 | D:4      | Noticed Crazy Yiuf
  6284 | D:4      | Killed Crazy Yiuf
  6284 | D:4      | Reached skill level 6 in Hexes
  6316 | D:5      | Entered Level 5 of the Dungeon
  6342 | D:5      | Noticed a hand axe
  6342 | D:5      | Noticed a hand axe
  6343 | D:5      | Found a hide-covered altar of Uskayaw.
  6604 | D:5      | Reached skill level 5 in Short Blades
  7091 | D:5      | Reached XP level 8. HP: 24/46 MP: 1/11
  7185 | D:4      | Reached skill level 7 in Hexes
  7413 | D:5      | Found a staircase to the Ecumenical Temple.
  7443 | Temple   | Entered the Ecumenical Temple
  7575 | D:5      | Reached skill level 6 in Short Blades
  7636 | D:5      | Noticed ciel's ghost (novice OpEE)
  8061 | D:5      | Killed ciel's ghost
  8061 | D:5      | Reached skill level 7 in Short Blades
  8061 | D:5      | Reached skill level 8 in Hexes
  8150 | D:4      | Learned a level 3 spell: Tukima's Dance
  8183 | D:5      | Noticed Dowan
  8184 | D:5      | Noticed Duvessa
  8214 | D:5      | Killed Duvessa
  8214 | D:5      | Reached XP level 9. HP: 48/50 MP: 0/12
  8215 | D:5      | Killed Dowan
  8411 | D:5      | Reached skill level 9 in Hexes
  8563 | D:6      | Reached skill level 8 in Short Blades
  8604 | D:6      | Found Wasick's Armour Shoppe.
  8795 | D:6      | Found Ereavvay's Assorted Antiques.
  8802 | D:6      | Bought a scroll labeled ORUPRE OQIA for 22 gold pieces
  8842 | D:6      | Found Afuzaos's Magic Scroll Emporium.
  8869 | D:6      | Found an ancient bone altar of Kikubaaqudgha.
  8967 | D:6      | Reached skill level 4 in Fighting
  8999 | D:6      | Found Xaiguax's Weapon Shoppe.
  9083 | D:6      | Reached skill level 10 in Hexes
  9117 | D:6      | Found Hamn's Assorted Antiques.
  9306 | D:6      | Found a white marble altar of Elyvilon.
  9610 | D:7      | Reached skill level 3 in Dodging
  9765 | D:7      | Found a sacrificial altar of Ru.
  9789 | D:7      | Found a shattered altar of Ashenzari.
  9797 | D:7      | Found a sacrificial altar of Ru.
  9901 | D:7      | Found Foag's Jewellery Boutique.
  9955 | D:7      | Reached skill level 3 in Spellcasting
 10066 | D:7      | Reached skill level 5 in Fighting
 10109 | D:7      | Found a snail-covered altar of Cheibriados.
 10115 | D:7      | Reached * piety under Wu Jian
 10184 | D:7      | Noticed Joseph
 10420 | D:7      | Reached skill level 4 in Dodging
 10511 | D:7      | Reached XP level 10. HP: 59/59 MP: 15/15
 10557 | D:7      | Killed Joseph
 10557 | D:7      | Reached skill level 4 in Spellcasting
 10691 | D:7      | Reached skill level 5 in Dodging
 11180 | D:8      | Got a steaming war axe
 11219 | D:8      | Identified the +5 war axe of the Pariah {vamp, rPois MR- Stlth+} (You found it on level 8 of the Dungeon)
 11315 | D:8      | Reached skill level 6 in Fighting
 11672 | D:8      | Found a shadowy altar of Dithmenos.
 11672 | D:8      | Found a blossoming altar of Fedhas.
 11682 | D:8      | Found a stormy altar of Qazlal.
 11699 | D:8      | Found an iron altar of Okawaru.
 11700 | D:8      | Found a bloodstained altar of Trog.
 11772 | D:8      | Reached skill level 5 in Spellcasting
 11842 | D:8      | Reached skill level 6 in Dodging
 12024 | D:8      | Found a radiant altar of Vehumet.
 12057 | D:8      | --dagger branded to elec, that could buy some time!
 12069 | D:9      | Noticed Gastronok
 12090 | D:9      | Killed Gastronok
 12090 | D:9      | Reached skill level 7 in Fighting
 12090 | D:9      | Reached skill level 7 in Dodging
 12090 | D:9      | Reached skill level 6 in Spellcasting
 12090 | D:9      | Reached XP level 11. HP: 68/68 MP: 16/20
 12153 | D:9      | Reached ** piety under Wu Jian
 12182 | D:9      | Learned a level 1 spell: Apportation
 12185 | D:9      | Learned a level 2 spell: Blink
 12276 | D:9      | Reached skill level 8 in Fighting
 12315 | D:9      | Noticed Pikel
 12326 | D:9      | Killed Pikel
 12459 | D:9      | Reached skill level 8 in Dodging
 12813 | D:9      | Noticed Erolcha
 12824 | D:9      | Killed Erolcha
 12824 | D:9      | Reached skill level 7 in Spellcasting
 12905 | D:9      | Noticed a two-headed ogre
 12927 | D:9      | Killed a two-headed ogre
 12927 | D:9      | Reached skill level 9 in Fighting
 12927 | D:9      | Reached skill level 9 in Dodging
 12945 | D:9      | Noticed a two-headed ogre
 12972 | D:9      | Killed a two-headed ogre
 13173 | D:10     | Entered Level 10 of the Dungeon
 13208 | D:10     | Noticed Fannar
 13331 | D:10     | Killed Fannar
 13595 | D:10     | Noticed Grum
 13659 | D:10     | Reached skill level 8 in Spellcasting
 13660 | D:10     | Noticed Nergalle
 13676 | D:10     | Killed Nergalle
 13709 | D:10     | Killed Grum
 13709 | D:10     | Reached XP level 12. HP: 73/77 MP: 2/24
 13761 | D:10     | Noticed an unseen horror
 13765 | D:10     | Killed an unseen horror
 13765 | D:10     | Reached skill level 10 in Fighting
 13765 | D:10     | Reached skill level 10 in Dodging
 13987 | D:10     | Noticed Erica
 14156 | D:10     | Noticed Psyche
 14294 | D:10     | Reached skill level 1 in Evocations
 14453 | D:10     | Killed Psyche
 14455 | D:10     | Reached *** piety under Wu Jian
 14685 | D:10     | Identified a scroll of acquirement
 14720 | D:10     | Reached skill level 2 in Evocations
 15049 | D:10     | Killed Erica
 15146 | D:11     | Reached skill level 3 in Evocations
 15503 | D:11     | Reached **** piety under Wu Jian
 15503 | D:11     | Reached skill level 4 in Evocations
 15620 | D:11     | Upgraded the game from 0.20-a0-864-g92acfd1 to 0.20-a0-870-g4070442
 15672 | D:11     | Reached skill level 11 in Dodging
 15679 | D:11     | Reached skill level 11 in Fighting
 15834 | D:11     | Found a staircase to the Lair.
 16219 | D:10     | Reached skill level 5 in Evocations
 16331 | D:11     | Found a staircase to the Orcish Mines.
 16923 | Orc:1    | Entered Level 1 of the Orcish Mines
 16977 | Orc:1    | Noticed Snorg
 16979 | Orc:1    | Found a frozen archway.
 16983 | Orc:1    | Noticed Jano's ghost (journeyman FoFi)
 16990 | IceCv    | Entered an ice cave
 17072 | IceCv    | Noticed Shenda's ghost (journeyman DrBe)
 17088 | IceCv    | HP: 22/80 [Shenda's ghost (6)]
 17095 | Orc:1    | HP: 20/80 [poisoned by Jano's ghost]
 17103 | D:11     | HP: 20/80 [poisoned by Jano's ghost]
 17397 | Lair:1   | Entered Level 1 of the Lair of Beasts
 17559 | Lair:1   | Reached skill level 6 in Evocations
 17637 | Lair:1   | Reached XP level 13. HP: 84/84 MP: 20/25
 17695 | Lair:1   | Reached skill level 1 in Ice Magic
 17839 | Lair:1   | Reached ***** piety under Wu Jian
 18008 | Lair:1   | Reached skill level 2 in Ice Magic
 18035 | Lair:1   | Reached skill level 12 in Dodging
 18192 | Lair:1   | Found a burning altar of Makhleb.
 18239 | Lair:1   | Noticed a five-headed hydra
 18264 | Lair:1   | Killed a one-headed hydra
 18264 | Lair:1   | Reached skill level 12 in Fighting
 18264 | Lair:1   | Reached skill level 3 in Ice Magic
 18828 | Lair:1   | Learned a level 3 spell: Dazzling Spray
 18954 | Lair:2   | Reached skill level 4 in Ice Magic
 19164 | Lair:2   | Reached skill level 1 in Translocations
 19434 | Lair:2   | Found a staircase to the Swamp.
 19435 | Lair:2   | Noticed a four-headed hydra
 19461 | Lair:2   | Killed a one-headed hydra
 19461 | Lair:2   | Reached skill level 2 in Translocations
 19908 | Lair:2   | Noticed a four-headed hydra
 19932 | Lair:2   | Killed a one-headed hydra
 20030 | Lair:3   | Reached skill level 13 in Dodging
 20182 | Lair:3   | Reached skill level 3 in Translocations
 20466 | Lair:3   | Noticed Rupert
 20585 | Lair:3   | Killed Rupert
 20585 | Lair:3   | Reached skill level 4 in Translocations
 20656 | Lair:3   | Reached skill level 13 in Fighting
 20813 | Lair:3   | Reached XP level 14. HP: 91/94 MP: 19/26
 21418 | Lair:4   | Reached skill level 5 in Stealth
 21533 | Lair:4   | Found a staircase to the Snake Pit.
 22111 | D:7      | Bought the ring of Ylozit {rElec MR+ AC+5} for 969 gold pieces
 22212 | Lair:1   | Upgraded the game from 0.20-a0-870-g4070442 to 0.20-a0-871-g785f14b
 22316 | Lair:5   | Noticed Kirke
 22336 | Lair:5   | Killed Kirke
 22336 | Lair:5   | Reached skill level 6 in Stealth
 22707 | Lair:5   | Found a hazy altar of Hepliaklqana.
 22920 | Lair:5   | Reached ****** piety under Wu Jian
 22920 | Lair:5   | Reached skill level 14 in Dodging
 22920 | Lair:5   | Reached skill level 7 in Stealth
 23309 | Lair:6   | Entered Level 6 of the Lair of Beasts
 23481 | Lair:6   | Reached skill level 8 in Stealth
 23710 | Lair:6   | Reached skill level 1 in Long Blades
 23986 | Lair:6   | Reached skill level 14 in Fighting
 24140 | Lair:6   | HP: 27/96 [spiny frog (19)]
 24483 | Lair:5   | Reached skill level 2 in Long Blades
 25149 | Lair:6   | Reached skill level 3 in Long Blades
 25486 | Lair:6   | Reached XP level 15. HP: 73/101 MP: 27/27
 25809 | Lair:5   | Reached skill level 15 in Dodging
 26233 | Lair:6   | Reached skill level 4 in Long Blades
 26558 | Lair:6   | Identified the Guide on Supportive Stolen Souls
 26633 | Lair:6   | Found a staircase to the Slime Pits.
 26905 | Orc:1    | HP: 22/101 [Jano's ghost (10)]
 27346 | D:12     | Noticed Maurice
 27381 | D:12     | Killed Maurice
 27659 | D:12     | Upgraded the game from 0.20-a0-871-g785f14b to 0.20-a0-876-g2c7b0bf
 27760 | D:12     | Reached skill level 15 in Fighting
 27938 | D:12     | Reached skill level 5 in Long Blades
 28195 | D:7      | Bought the ring "Radoeshi" {rPois MR+ Int+2} for 315 gold pieces
 28375 | D:11     | Killed Snorg
 28520 | Orc:1    | Killed Jano's ghost
 28760 | Orc:1    | Found a shimmering altar of Xom.
 28995 | Orc:2    | Entered Level 2 of the Orcish Mines
 29456 | Orc:2    | Found a staircase to the Elven Halls.
 29522 | Orc:2    | Reached skill level 6 in Long Blades
 30113 | Orc:2    | Reached skill level 16 in Dodging
 30245 | Orc:2    | Reached skill level 1 in Throwing
 30734 | Orc:2    | Found Ruywk's Book Shop.
 30760 | Orc:2    | Reached skill level 2 in Throwing
 30801 | Orc:2    | Reached skill level 7 in Long Blades
 30966 | Orc:2    | Reached XP level 16. HP: 108/108 MP: 17/28
 31059 | Orc:2    | Reached skill level 3 in Throwing
 31087 | Orc:2    | Found Ijimaluts's Armour Shop.
 31156 | Orc:2    | Found Ozixe's Armour Emporium.
 31156 | Orc:2    | Found Ipsumiw's Antique Armour Emporium.
 31204 | Orc:2    | Bought a pair of glowing gloves for 210 gold pieces
 31217 | Orc:2    | Bought a distressingly furry leather armour for 196 gold pieces
 31219 | Orc:2    | Identified the +1 leather armour of Gluttony {rC+ rN+ MR+++ Int-4} (You bought it in a shop on level 2 of the Orcish Mines)
 32007 | D:13     | Reached skill level 8 in Long Blades
 32112 | D:13     | Reached skill level 4 in Throwing
 32244 | D:13     | Found a runed door.
 32428 | D:13     | Noticed a storm dragon
 32430 | D:13     | Killed a storm dragon
 32445 | D:13     | Reached skill level 5 in Throwing
 32447 | D:13     | Got a pair of pitted gloves
 32455 | D:13     | Got a colourful robe
 32507 | D:13     | Identified the +0 pair of gloves of Perfidy {*Contam +Fly rCorr} (You found it on level 13 of the Dungeon)
 32509 | D:13     | Identified the +0 robe "Iggywk" {+Inv rN++} (You found it on level 13 of the Dungeon)
 32694 | D:14     | Got a fine plate armour
 32708 | D:14     | Found a glowing golden altar of the Shining One.
 32786 | D:14     | Reached skill level 1 in Armour
 32928 | D:14     | Reached skill level 2 in Armour
 32988 | D:14     | Reached skill level 9 in Long Blades
 33108 | D:14     | Found a runed door.
 33480 | D:14     | Reached skill level 3 in Armour
 33681 | D:14     | Reached skill level 4 in Armour
 33847 | D:14     | Found a gate to the Vaults.
 34300 | D:14     | Noticed a tengu reaver
 34311 | D:14     | HP: 29/108 [fire dragon/blast of flame (35)]
 34313 | D:14     | Killed a tengu reaver
 34313 | D:14     | Reached skill level 5 in Armour
 34966 | Lair:1   | Upgraded the game from 0.20-a0-876-g2c7b0bf to 0.20-a0-893-g832831a
 35124 | D:15     | Entered Level 15 of the Dungeon
 35143 | D:14     | Reached XP level 17. HP: 113/113 MP: 24/29
 35184 | D:14     | Reached skill level 6 in Armour
 35489 | D:15     | Found a staircase to the Depths.
 35629 | D:14     | Reached skill level 10 in Long Blades
 35786 | D:15     | Reached skill level 7 in Armour
 36633 | D:15     | Found Tailie Naps's Gadget Boutique.
 36699 | D:15     | Reached skill level 8 in Armour
 37233 | Snake:1  | Entered Level 1 of the Snake Pit
 37233 | Snake:1  | Noticed Aizul
 37234 | Snake:1  | Killed Aizul
 37235 | Snake:1  | --heh, asleep 1 sq from stairs - thanks lunge ability!
 37235 | Snake:1  | Noticed Azrael
 37454 | Snake:1  | Killed Azrael
 37507 | Snake:1  | Found Qekauta's Antique Weapon Emporium.
 37512 | Snake:1  | Found Cupnats's Food Shoppe.
 37590 | Snake:1  | Found Sougum's Antique Armour Boutique.
 37680 | Snake:1  | Found Duiwna's Gadget Shoppe.
 37725 | Snake:1  | Found Vefforom's Magic Scroll Boutique.
 37748 | Snake:1  | Bought a scroll of identify for 30 gold pieces
 37748 | Snake:1  | Bought a scroll of blinking for 112 gold pieces
 37932 | Snake:1  | Reached skill level 9 in Armour
 38283 | Snake:2  | HP: 33/113 [nagaraja/spear (1)]
 38287 | Snake:2  | HP: 12/113 [nagaraja/spear (20)]
 38298 | Snake:2  | HP: 19/113 [nagaraja/poison arrow (8)]
 38307 | Snake:2  | HP: 22/113 [black mamba (4)]
 38310 | Snake:2  | HP: 8/113 [naga sharpshooter/uncursed scimitar (4)]
 38310 | Snake:2  | HP: 3/113 [naga sharpshooter/uncursed scimitar (5)]
 38315 | Snake:2  | HP: 11/113 [poisoned by a nagaraja (splash of poison)]
 38321 | Snake:2  | HP: 8/113 [poisoned by a nagaraja (splash of poison)]
 38326 | Snake:2  | HP: 8/113 [poisoned by a nagaraja (splash of poison)]
 38333 | Snake:2  | HP: 8/113 [poisoned by a nagaraja (splash of poison)]
 38341 | Snake:2  | HP: 8/113 [poisoned by a nagaraja (splash of poison)]
 39023 | Lair:1   | Identified the +3 plate armour of the Gloaming {rF- rCorr Str-4 Dex+8} (You found it on level 14 of the Dungeon)
 39214 | Swamp:1  | Entered Level 1 of the Swamp
 39226 | Swamp:1  | Noticed a thorn hunter
 39870 | Swamp:1  | Killed a thorn hunter
 40069 | Swamp:1  | Reached XP level 18. HP: 119/119 MP: 23/30
 40084 | Swamp:1  | Reached skill level 11 in Long Blades
 40280 | Swamp:1  | Reached skill level 10 in Armour
 41560 | Swamp:2  | Noticed Frances
 41622 | Swamp:2  | Upgraded the game from 0.20-a0-893-g832831a to 0.20-a0-901-g27f6fa8
 41958 | Swamp:2  | Cast into level 2 of the Abyss (Frances)
 41971 | Swamp:2  | Escaped the Abyss
 42922 | Swamp:2  | Killed Frances
 42922 | Swamp:2  | Reached skill level 11 in Armour
 44513 | Swamp:4  | Entered Level 4 of the Swamp
 44897 | Swamp:4  | Got a crude rapier {freeze}
 44899 | Swamp:4  | Identified the +2 rapier of Evil {freeze, -Tele Int+9 SInv Stlth+} (You took it off a spriggan on level 4 of the Swamp)
 44923 | Swamp:4  | HP: 35/119 [thorn hunter (18)]
 44926 | Swamp:4  | HP: 15/119 [thorn hunter (10)]
 46012 | Swamp:4  | HP: 32/119 [shambling mangrove (28)]
 46364 | Snake:2  | Noticed Agnes
 46371 | Snake:1  | Killed Agnes
 46371 | Snake:1  | Reached skill level 12 in Armour
 46694 | Snake:2  | Found Wus Quz's Book Boutique.
 46740 | Snake:2  | Found Loisi's Distillery.
 46748 | Snake:2  | Bought a potion of curing for 48 gold pieces
 46748 | Snake:2  | Bought a potion of curing for 48 gold pieces
 46748 | Snake:2  | Bought 2 potions of heal wounds for 160 gold pieces
 46748 | Snake:2  | Bought a potion of heal wounds for 80 gold pieces
 46748 | Snake:2  | Bought a potion of curing for 48 gold pieces
 46748 | Snake:2  | Bought a potion of resistance for 160 gold pieces
 46770 | Snake:2  | Found Siwneen's General Store.
 46813 | Snake:2  | Got a ripped robe
 46844 | Snake:2  | Found Quonnaps's Gadget Shop.
 46844 | Snake:2  | Found Yzismes's Jewellery Shoppe.
 46845 | Snake:2  | Found Rapyt's Jewellery Shoppe.
 46959 | Snake:2  | Reached skill level 12 in Long Blades
 47289 | Snake:2  | Noticed Vashnia
 47688 | Snake:2  | Reached XP level 19. HP: 44/124 MP: 31/31
 48184 | Snake:2  | Found Keammuigusk's Magic Scroll Boutique.
 48193 | Snake:2  | Bought a scroll of teleportation for 36 gold pieces
 48194 | Snake:2  | Found Itunerch's Weapon Shoppe.
 49256 | Snake:3  | Learned a level 3 spell: Lesser Beckoning
 49258 | Snake:3  | Learned a level 1 spell: Summon Butterflies
 49381 | Snake:3  | Found Adghin's Book Emporium.
 49383 | Snake:3  | Found Kasirphi's Armour Shoppe.
 49385 | Snake:3  | Found Zases's Magic Scroll Emporium.
 50088 | Snake:3  | Identified the +2 robe "Hinihu" {rElec MP+9 Str-3 SInv} (You found it on level 2 of the Snake Pit)
 50143 | Snake:3  | Reached skill level 17 in Dodging
 50448 | D:6      | Bought a +5 scimitar of freezing for 376 gold pieces
 50697 | Snake:4  | Entered Level 4 of the Snake Pit
 51282 | Snake:4  | HP: 29/124 [salamander/enchanted spear (12)]
 52150 | Snake:3  | Reached skill level 13 in Long Blades
 52368 | Snake:4  | HP: 36/124 [nagaraja (4)]
 52373 | Snake:4  | HP: 32/124 [nagaraja (1)]
 52379 | Snake:4  | HP: 23/124 [poisoned by a nagaraja (splash of poison)]
 52384 | Snake:4  | HP: 21/124 [poisoned by a nagaraja (splash of poison)]
 52391 | Snake:3  | HP: 20/124 [poisoned by a nagaraja (splash of poison)]
 52398 | Snake:3  | HP: 20/124 [poisoned by a nagaraja (splash of poison)]
 52406 | Snake:3  | HP: 21/124 [poisoned by a nagaraja (splash of poison)]
 53725 | Snake:4  | Reached skill level 18 in Dodging
 53895 | Snake:4  | HP: 37/124 [poisoned by a nagaraja (splash of poison)]
 53900 | Snake:4  | HP: 35/124 [poisoned by a nagaraja (splash of poison)]
 53905 | Snake:4  | HP: 32/124 [poisoned by a nagaraja (splash of poison)]
 53911 | Snake:4  | HP: 30/124 [poisoned by a nagaraja (splash of poison)]
 53919 | Snake:4  | HP: 30/124 [poisoned by a nagaraja (splash of poison)]
 53927 | Snake:4  | HP: 30/124 [poisoned by a nagaraja (splash of poison)]
 54140 | Snake:4  | Reached XP level 20. HP: 96/129 MP: 27/32
 54325 | Snake:4  | Got a smoking robe
 54766 | Snake:4  | Upgraded the game from 0.20-a0-901-g27f6fa8 to 0.20-a0-903-g7e3609c
 55278 | Snake:4  | HP: 23/129 [naga sharpshooter/bolt (17)]
 55279 | Snake:4  | HP: 4/129 [naga sharpshooter/bolt (19)]
 55284 | Snake:4  | HP: 32/129 [nagaraja/splash of poison (2)]
 55292 | Snake:4  | HP: 13/129 [nagaraja/spear (10)]
 55299 | Snake:4  | HP: 14/129 [black mamba (4)]
 55326 | Snake:4  | HP: 16/129 [nagaraja/splash of poison (6)]
 55331 | Snake:4  | HP: 14/129 [poisoned by a nagaraja (splash of poison)]
 55337 | Snake:4  | HP: 14/129 [poisoned by a nagaraja (splash of poison)]
 55344 | Snake:3  | HP: 15/129 [poisoned by a nagaraja (splash of poison)]
 56049 | Snake:3  | Reached skill level 14 in Long Blades
 56341 | Snake:4  | HP: 35/129 [nagaraja/orb of energy (10)]
 56342 | Snake:4  | HP: 8/129 [nagaraja/orb of energy (27)]
 56892 | Snake:4  | Reached skill level 6 in Throwing
 56943 | Snake:4  | Reached skill level 19 in Dodging
 56966 | Snake:4  | Got a pair of faintly humming boots
 56979 | Snake:4  | Identified the +2 pair of boots of Impatience {rN++} (You found it on level 4 of the Snake Pit)
 57808 | Snake:4  | Reached skill level 7 in Throwing
 58310 | Snake:4  | HP: 17/129 [nagaraja/orb of energy (25)]
 58315 | Snake:4  | HP: 26/129 [naga/dire flail (1)]
 58821 | Snake:4  | Got a serpentine rune of Zot
 58911 | Snake:4  | HP: 30/129 [nagaraja/bolt of poison (10)]
 58918 | Snake:4  | HP: 24/129 [poisoned by a nagaraja (poison arrow)]
 58925 | Snake:4  | HP: 18/129 [poisoned by a nagaraja (poison arrow)]
 58933 | Snake:4  | HP: 18/129 [poisoned by a nagaraja (poison arrow)]
 59150 | Snake:4  | Reached skill level 8 in Throwing
 60670 | Swamp:4  | Reached skill level 9 in Throwing
 60670 | Swamp:4  | Reached XP level 21. HP: 96/134 MP: 4/33
 61316 | Swamp:4  | Got a decaying rune of Zot
 61612 | Lair:1   | Upgraded the game from 0.20-a0-903-g7e3609c to 0.20-a0-909-g1a4ba80
 61700 | D:14     | Reached skill level 20 in Dodging
 61838 | Vaults:1 | Entered Level 1 of the Vaults
 62282 | Vaults:1 | Reached skill level 10 in Throwing
 62772 | Vaults:1 | Reached skill level 7 in Evocations
 63279 | Vaults:1 | Reached skill level 8 in Evocations
 64176 | Vaults:1 | Reached skill level 9 in Evocations
 64435 | Vaults:2 | HP: 40/134 [yaktaur captain (9)]
 64439 | Vaults:2 | HP: 2/134 [yaktaur/bolt[a yaktaur captain] (21)]
 64891 | Vaults:2 | Reached skill level 21 in Dodging
 64985 | Vaults:2 | Reached skill level 1 in Summonings
 65270 | Vaults:2 | Reached skill level 2 in Summonings
 65285 | Vaults:2 | Reached skill level 10 in Evocations
 65390 | Vaults:2 | Found Icitsuull's Assorted Antiques.
 65425 | Vaults:2 | Reached skill level 5 in Translocations
 65546 | Vaults:2 | Reached skill level 3 in Summonings
 65546 | Vaults:2 | Reached XP level 22. HP: 140/140 MP: 3/34
 65968 | Vaults:2 | HP: 41/140 [crystal guardian/crystal bolt (44)]
 66418 | Vaults:2 | Upgraded the game from 0.20-a0-909-g1a4ba80 to 0.20-a0-910-gb611367
 66431 | Vaults:2 | Reached skill level 4 in Summonings
 66438 | Vaults:2 | Reached skill level 6 in Translocations
 66677 | Vaults:2 | Found a staircase to the Crypt.
 66677 | Vaults:2 | Found a basalt altar of Yredelemnul.
 66702 | Vaults:2 | Reached skill level 11 in Evocations
 66739 | Vaults:2 | Found an ancient bone altar of Kikubaaqudgha.
 67322 | Vaults:2 | Noticed Frederick
 67345 | Vaults:2 | HP: 38/140 [Frederick/orb of energy (41)]
 67346 | Vaults:2 | HP: 9/140 [Frederick/orb of energy (29)]
 67356 | Vaults:2 | HP: 26/140 [Frederick/demon trident of electrocution (8)]
 67361 | Vaults:2 | HP: 22/140 [acid dragon/splash of acid (5)]
 67793 | Vaults:1 | Reached skill level 7 in Translocations
 68080 | Vaults:2 | Reached skill level 5 in Summonings
 68526 | Vaults:2 | Killed Frederick
 68526 | Vaults:2 | Reached skill level 9 in Spellcasting
 68535 | Vaults:2 | Reached skill level 12 in Evocations
 68883 | Lair:1   | Learned a level 4 spell: Cause Fear
 68888 | Lair:1   | Learned a level 4 spell: Summon Ice Beast
 69178 | Vaults:3 | Found a magical portal.
 69189 | Vaults:3 | Reached skill level 6 in Summonings
 69240 | WizLab   | Entered Zonguldrok's Shrine
 69590 | WizLab   | HP: 27/140 [skeletal warrior/battleaxe (16)]
 69598 | WizLab   | HP: 28/140 [skeletal warrior/glaive (2)]
 69633 | WizLab   | HP: 17/140 [skeletal warrior/scimitar (23)]
 70118 | WizLab   | HP: 36/140 [skeletal warrior/trident (17)]
 70456 | WizLab   | Noticed an antique lich
 70476 | WizLab   | Killed an antique lich
 71008 | Vaults:3 | Reached skill level 7 in Summonings
 71536 | Vaults:3 | Reached skill level 10 in Spellcasting
 71536 | Vaults:3 | Reached XP level 23. HP: 48/145 MP: 31/37
 71541 | Vaults:3 | HP: 39/145 [deep elf mage/long sword (7)]
 72340 | Vaults:3 | Noticed Boris
 72369 | Vaults:3 | Killed Boris
 72689 | Vaults:3 | Reached skill level 8 in Summonings
 73057 | Vaults:3 | Reached skill level 16 in Fighting
 73657 | Vaults:4 | HP: 39/147 [yaktaur captain/bolt (8)]
 73660 | Vaults:4 | HP: 14/147 [yaktaur captain/bolt (18)]
 73664 | Vaults:4 | HP: 4/147 [vault warden/war axe (11)]
 73673 | Vaults:4 | HP: 1/147 [yaktaur captain/bolt (30)]
 73673 | Vaults:4 | Shot with a bolt by a yaktaur captain

Vault maps used:
D:1:      minmay_arrival_diagonal_passages, ashenzari_altar_1
D:2:      nicolae_overflow_hidden_temple, bloody_makhleb, grunt_ministairs_2
D:3:      first_bread
D:4:      kennysheep_mini, gup_sewer_entry_spiral, grunt_gozag_statues,
          uniq_crazy_yiuf_cottage
D:5:      dancing_weapons_uskayaw, minmay_temple_entry_overgrown, uniq_duvessa
D:6:      elyvilon_altar_3, nicolae_overflow_crystal_walls, serial_shops, shop,
          nicolae_shop_stone, shop, nicolae_shop_statue_plus,
          nicolae_shop_overgrown_old_shop
D:7:      slow_altar_2, grunt_temple_overflow_open, serial_shops, shop_statue,
          nicolae_ru_the_path_less_chosen, uniq_joseph
D:8:      lemuel_coloured_pillars_altar, chequers_temple_overflow_minitemple,
          hangedman_little_slice_of_home
D:9:      eino_jars, uniq_gastronok, uniq_erolcha, uniq_pikel
D:10:     minivault_4, uniq_erica, uniq_nergalle, uniq_psyche, uniq_fannar,
          uniq_grum
D:11:     erik_lair_island, hiddenorc1_lemuel, hangedman_glass_teeth
D:12:     uniq_maurice
D:13:     minmay_st_funbox
D:14:     hangedman_vaults_entry_quadrant_bands, tso_metal_star, minivault_13
D:15:     hangedman_depths_entry_civil_slaughter, serial_shops, shop
Temple:   corrupted_temple
Lair:1:   basic_altar, grunt_megastairs_4
Lair:2:   minmay_swamp_entry_reptiles, serial_bayou_shore_b, grunt_megastairs_1,
          serial_bayou_shore_b
Lair:3:   uniq_rupert
Lair:4:   guppyfry_snake_entry_garden, minmay_lair_oklob_chamber,
          lemuel_fruit_fields
Lair:5:   basic_altar, uniq_kirke
Lair:6:   evilmike_catoblepas_cave, minmay_slime_entry_oklob_open,
          lemuel_fruit_tree
Swamp:1:  hangedman_swamp_ruin_hall
Swamp:2:  evilmike_swamp_ruin_house_2, infiniplex_staircase_pool_2, uniq_frances
Swamp:3:  evilmike_swamp_ruin_house_3, swamp_pool5
Swamp:4:  swamp_icy
Snake:1:  serial_shops, shop_coins, nicolae_shop_overgrown_old_shop,
          shop_statue, shop, shop, spider_trap, uniq_aizul, uniq_azrael
Snake:2:  serial_shops, nicolae_shop_statue_plus, nicolae_shop_behind_doors,
          shop_coins, shop_statue, nicolae_shop_trees, grunt_megastairs_2,
          minmay_shop_grove, uniq_vashnia, uniq_agnes
Snake:3:  minmay_shop_star
Snake:4:  grunt_snake_rune_spirals
Orc:1:    portal_ice_cave_entry_pillars_1, basic_altar, uniq_snorg
Orc:2:    st_orc_elflike, nicolae_orc_bridge_out
Vaults:1: v_pattern_1, nicolae_vaults_little_squares_3, ontoclasm_vaults_shout,
          ontoclasm_vaults_idyll, vaults_dpeg_encased_lava,
          nicolae_vaults_asterisk, ontoclasm_vaults_twist,
          grunt_vaults_diagonal, ontoclasm_vaults_idyll,
          dpeg_vaults_monster_box, nicolae_vaults_three_branches, v_misc_5,
          nicolae_vaults_theta, nicolae_vaults_asterisk
Vaults:2: minmay_crypt_entry_necro_gods, nicolae_vaults_network_s,
          ontoclasm_vaults_eye, nicolae_vaults_hallways_thing,
          vaults_mumra_minichess, nicolae_vaults_little_squares_4,
          v_alt_pattern_6, vaults_room_door_hall, grunt_vaults_funnel,
          nicolae_vaults_little_squares_6, serial_shops, shop, uniq_frederick
Vaults:3: nicolae_vaults_big_angled_halls, nicolae_vaults_little_ls,
          nicolae_vaults_shelves_hall, nicolae_vaults_little_squares_3,
          vaults_dpeg_hooks, mu_enter_wizlab_5, uniq_boris
Vaults:4: grunt_vaults_hallway_short, nicolae_vaults_little_squares_2,
          hangedman_vaults_impose, nicolae_vaults_border_crossing, v_misc_28,
          nicolae_vaults_network_star, ontoclasm_vaults_shuriken,
          vaults_standard_mumra_x, vaults_room_pool, vaults_room_door_hall,
          vaults_mumra_bighexcomb, ontoclasm_vaults_spin, v_alt_pattern_1,
          serial_shops, nicolae_shop_crystal
Sewer:    sewer_kobolds
IceCv:    ice_cave_statue_garden_chambered
WizLab:   wizlab_zonguldrok

Skill      XL: |  1  2  3  4  5  6  7  8  9 10 11 12 13 14 15 16 17 18 19 20 21 22 23 |
---------------+----------------------------------------------------------------------+-----
Fighting       | 1 2 3 5 7 9 11 13 14 15 16 | 16.2
Short Blades   | 2 3 4 5 7 8 |  8.0
Hexes          | 5 6 8 10 | 10.0
Dodging        | 4 7 9 11 13 14 16 18 19 21 | 21.0
Spellcasting   | 3 6 8 10 | 10.9
Evocations     | 6 10 12 | 12.0
Ice Magic      | 4 |  4.0
Translocations | 4 5 7 |  7.0
Stealth        | 8 |  8.0
Long Blades    | 3 7 9 10 12 13 14 | 14.0
Throwing       | 2 5 9 10 | 10.0
Armour         | 5 9 12 | 12.0
Summonings     | 3 7 8 |  8.8

Action                   |  1- 3 |  4- 6 |  7- 9 | 10-12 | 13-15 | 16-18 | 19-21 | 22-24 || total
-------------------------+-------+-------+-------+-------+-------+-------+-------+-------++-------
Melee: Dagger            |   168 |   111 |   235 |   539 |   841 |  1623 |  1703 |   947 ||  6167
       Short sword       |       |       |    75 |    53 |       |       |       |       ||   128
       Scimitar          |       |       |       |       |    20 |   156 |    77 |    30 ||   283
       Rapier            |       |       |       |       |       |    16 |   133 |    47 ||   196
       Double sword      |       |       |       |       |       |       |       |   153 ||   153
 Fire: Hunting sling     |       |    23 |    13 |     4 |     2 |       |       |       ||    42
Throw: Throwing net      |       |       |       |       |       |     1 |       |     2 ||     3
 Cast: Corona            |    20 |    10 |     2 |     5 |     1 |     8 |     1 |     3 ||    50
       Ensorcelled Hiber |    10 |    32 |    70 |   153 |   353 |   397 |   420 |   233 ||  1668
       Confuse           |       |     1 |    38 |    81 |    89 |   187 |   378 |   108 ||   882
       Tukima's Dance    |       |       |       |     6 |       |       |       |       ||     6
       Dazzling Spray    |       |       |       |       |       |       |       |     2 ||     2
       Lesser Beckoning  |       |       |       |       |       |       |       |     2 ||     2
       Cause Fear        |       |       |       |       |       |       |       |     2 ||     2
Invok: Serpent's Lash    |       |       |       |       |       |     1 |       |       ||     1
       Heaven On Earth   |       |       |       |       |       |       |     2 |     1 ||     3
 Abil: Evoke Invisibilit |       |       |       |       |     4 |     2 |       |       ||     6
Evoke: Wand              |       |       |     2 |     1 |       |     1 |       |       ||     4
       Sack of spiders   |       |       |       |     1 |       |       |       |       ||     1
  Use: Scroll            |       |    12 |     8 |    11 |     6 |    17 |     8 |     3 ||    65
       Potion            |       |       |       |     2 |     4 |     7 |     5 |     3 ||    21
 Stab: Sleeping          |    13 |    31 |    49 |    92 |   196 |   215 |   229 |   114 ||   939
       Confused          |       |     1 |    21 |    35 |    37 |    94 |   138 |    53 ||   379
       Distracted        |       |       |       |     2 |     3 |     6 |     6 |     4 ||    21
       Invisible         |       |       |       |       |    12 |     4 |       |       ||    16
       Held in net/web   |       |       |       |       |       |       |       |     2 ||     2
  Eat: Chunk             |     9 |    17 |    23 |    31 |    44 |    54 |    47 |    28 ||   253
       Royal jelly       |       |       |       |       |       |       |     7 |       ||     7
Armor: Robe              |    32 |    18 |    36 |    73 |   116 |    16 |       |       ||   291
       Ring mail         |       |       |       |       |       |   375 |    54 |   173 ||   602
       Swamp dragon scal |       |       |       |       |       |    18 |   280 |       ||   298
Dodge: Dodged            |   161 |    64 |   160 |   398 |   559 |  1281 |  1036 |   854 ||  4513
       Rpst.: Scimitar   |       |       |       |       |       |    17 |    10 |     1 ||    28
       Double sword      |       |       |       |       |       |       |       |    24 ||    24

Table legend:
 A = Turns spent in this place as a percentage of turns spent in the entire game.
 B = Non-inter-level travel turns spent in this place as a percentage of non-inter-level travel turns spent in the entire game.
 C = Inter-level travel turns spent in this place as a percentage of turns spent in this place.
 D = Turns resting spent in this place as a percentage of non-inter-level travel turns spent in this place.
 E = Turns spent auto-exploring this place as a percentage of non-inter-level travel turns spent in this place.
 F = Non-inter-level travel turns spent in this place divided by the number of levels of this place that you've seen.
                   A       B       C       D       E      F
               +-------+-------+-------+-------+-------+----------------------
         Total | 100.0 | 100.0 |   0.5 |   3.9 |   2.8 | 729.7
       Dungeon |  31.1 |  31.0 |   0.7 |   4.2 |   3.8 | 604.0
        Temple |   0.0 |   0.0 |   7.7 |  16.7 |  83.3 |  12.0
          Lair |  14.2 |  14.1 |   0.9 |   3.5 |   3.3 | 686.5
         Swamp |  11.6 |  11.6 |   0.6 |   3.7 |   2.8 | 848.0
     Snake Pit |  18.5 |  18.5 |   0.5 |   5.2 |   2.1 | 1349.5
  Orcish Mines |   5.1 |   5.1 |   0.5 |   3.2 |   1.7 | 743.5
        Vaults |  15.7 |  15.8 |   0.1 |   2.6 |   2.0 | 1153.5
         Abyss |   0.1 |   0.1 |   0.0 |   0.0 |   0.0 |  20.0
         Sewer |   0.9 |   0.9 |   0.0 |   4.8 |   0.7 | 273.0
      Ice Cave |   0.2 |   0.2 |   0.0 |   4.5 |   0.0 |  67.0
        Wizlab |   2.5 |   2.5 |   0.0 |   2.7 |   0.1 | 744.0
               +-------+-------+-------+-------+-------+----------------------

Vault maps used:
D:1:      minmay_arrival_diagonal_passages, ashenzari_altar_1
D:2:      nicolae_overflow_hidden_temple, bloody_makhleb, grunt_ministairs_2
D:3:      first_bread
D:4:      kennysheep_mini, gup_sewer_entry_spiral, grunt_gozag_statues,
          uniq_crazy_yiuf_cottage
D:5:      dancing_weapons_uskayaw, minmay_temple_entry_overgrown, uniq_duvessa
D:6:      elyvilon_altar_3, nicolae_overflow_crystal_walls, serial_shops, shop,
          nicolae_shop_stone, shop, nicolae_shop_statue_plus,
          nicolae_shop_overgrown_old_shop
D:7:      slow_altar_2, grunt_temple_overflow_open, serial_shops, shop_statue,
          nicolae_ru_the_path_less_chosen, uniq_joseph
D:8:      lemuel_coloured_pillars_altar, chequers_temple_overflow_minitemple,
          hangedman_little_slice_of_home
D:9:      eino_jars, uniq_gastronok, uniq_erolcha, uniq_pikel
D:10:     minivault_4, uniq_erica, uniq_nergalle, uniq_psyche, uniq_fannar,
          uniq_grum
D:11:     erik_lair_island, hiddenorc1_lemuel, hangedman_glass_teeth
D:12:     uniq_maurice
D:13:     minmay_st_funbox
D:14:     hangedman_vaults_entry_quadrant_bands, tso_metal_star, minivault_13
D:15:     hangedman_depths_entry_civil_slaughter, serial_shops, shop
Temple:   corrupted_temple
Lair:1:   basic_altar, grunt_megastairs_4
Lair:2:   minmay_swamp_entry_reptiles, serial_bayou_shore_b, grunt_megastairs_1,
          serial_bayou_shore_b
Lair:3:   uniq_rupert
Lair:4:   guppyfry_snake_entry_garden, minmay_lair_oklob_chamber,
          lemuel_fruit_fields
Lair:5:   basic_altar, uniq_kirke
Lair:6:   evilmike_catoblepas_cave, minmay_slime_entry_oklob_open,
          lemuel_fruit_tree
Swamp:1:  hangedman_swamp_ruin_hall
Swamp:2:  evilmike_swamp_ruin_house_2, infiniplex_staircase_pool_2, uniq_frances
Swamp:3:  evilmike_swamp_ruin_house_3, swamp_pool5
Swamp:4:  swamp_icy
Snake:1:  serial_shops, shop_coins, nicolae_shop_overgrown_old_shop,
          shop_statue, shop, shop, spider_trap, uniq_aizul, uniq_azrael
Snake:2:  serial_shops, nicolae_shop_statue_plus, nicolae_shop_behind_doors,
          shop_coins, shop_statue, nicolae_shop_trees, grunt_megastairs_2,
          minmay_shop_grove, uniq_vashnia, uniq_agnes
Snake:3:  minmay_shop_star
Snake:4:  grunt_snake_rune_spirals
Orc:1:    portal_ice_cave_entry_pillars_1, basic_altar, uniq_snorg
Orc:2:    st_orc_elflike, nicolae_orc_bridge_out
Vaults:1: v_pattern_1, nicolae_vaults_little_squares_3, ontoclasm_vaults_shout,
          ontoclasm_vaults_idyll, vaults_dpeg_encased_lava,
          nicolae_vaults_asterisk, ontoclasm_vaults_twist,
          grunt_vaults_diagonal, ontoclasm_vaults_idyll,
          dpeg_vaults_monster_box, nicolae_vaults_three_branches, v_misc_5,
          nicolae_vaults_theta, nicolae_vaults_asterisk
Vaults:2: minmay_crypt_entry_necro_gods, nicolae_vaults_network_s,
          ontoclasm_vaults_eye, nicolae_vaults_hallways_thing,
          vaults_mumra_minichess, nicolae_vaults_little_squares_4,
          v_alt_pattern_6, vaults_room_door_hall, grunt_vaults_funnel,
          nicolae_vaults_little_squares_6, serial_shops, shop, uniq_frederick
Vaults:3: nicolae_vaults_big_angled_halls, nicolae_vaults_little_ls,
          nicolae_vaults_shelves_hall, nicolae_vaults_little_squares_3,
          vaults_dpeg_hooks, mu_enter_wizlab_5, uniq_boris
Vaults:4: grunt_vaults_hallway_short, nicolae_vaults_little_squares_2,
          hangedman_vaults_impose, nicolae_vaults_border_crossing, v_misc_28,
          nicolae_vaults_network_star, ontoclasm_vaults_shuriken,
          vaults_standard_mumra_x, vaults_room_pool, vaults_room_door_hall,
          vaults_mumra_bighexcomb, ontoclasm_vaults_spin, v_alt_pattern_1,
          serial_shops, nicolae_shop_crystal
Sewer:    sewer_kobolds
IceCv:    ice_cave_statue_garden_chambered
WizLab:   wizlab_zonguldrok
